 Dungeon Crawl Stone Soup version 0.20.1-1-g8b1a95d (webtiles) character file.

11321 count5 the Fighter (level 11, -4/103 HPs)
             Began as a Deep Dwarf Berserker on Oct 26, 2017.
             Was an Elder of Trog.
             Slain by a cyan ugly thing (9 damage)
             ... on level 11 of the Dungeon.
             The game lasted 01:12:17 (9030 turns).

count5 the Fighter (Deep Dwarf Berserker)           Turns: 9030, Time: 01:12:18

Health: -4/103     AC: 18    Str: 24    XL:     11   Next: 47%
Magic:  0/0        EV: 10    Int: 10    God:    Trog [****..]
Gold:   564        SH:  3    Dex: 12    Spells: 10/10 levels left

rFire    + . .     SeeInvis .   k - +0 glaive (antimagic)
rCold    + . .     Gourm    .   (shield currently unavailable)
rNeg     . . .     Faith    .   z - +0 plate armour
rPois    +         Spirit   .   v - +3 helmet of the Dropbear {rC++ MP-9 Stlth+}
rElec    .         Reflect  +   (no cloak)
rCorr    .         Harm     .   y - +0 pair of gloves
MR       +++..                  (no boots)
Stlth    ..........             s - +3 amulet of reflection
Regen    1.0/turn               n - ring of fire
MPRegen  0.1/turn               (no ring)

@: lethally poisoned (-4 -> -4), about to teleport, non-regenerating
A: damage resistance, heal wounds, low mp 1, sense surroundings 2, poison
resistance, strong 1, no regeneration
a: Heal Wounds, Berserk, Trog's Hand, Brothers in Arms, Burn Spellbooks,
Renounce Religion


You were on level 11 of the Dungeon.
You worshipped Trog.
Trog was greatly pleased with you.
You were not hungry.

You visited 1 branch of the dungeon, and saw 11 of its levels.
You also visited: Ossuary and Bailey.

You collected 564 gold pieces.

Inventory:

Hand Weapons
 g - a +0 whip of venom
 k - a +0 antimagic glaive (weapon)
 u - a +0 hand crossbow
 B - a +0 blowgun
 G - a +0 arbalest
Missiles
 a - a tomahawk (quivered)
 h - 38 bolts
 l - 238 stones
 w - 6 needles of sleeping
 D - 5 poisoned needles
Armour
 v - the +3 helmet of the Dropbear (worn) {rC++ MP-9 Stlth+}
   (You took it off Robin on level 4 of the Dungeon)

   It greatly protects you from cold.
   It affects your magic capacity (-9).
   It makes you more stealthy.
 y - a +0 pair of gloves (worn)
 z - a +0 plate armour (worn)
 C - a +1 hat of see invisible
Jewellery
 n - a ring of fire (left hand)
 s - a +3 amulet of reflection (around neck)
Wands
 m - a wand of paralysis (3/24)
 t - a wand of flame (12/48)
 E - a wand of polymorph (0/24)
 H - a wand of clouds (0/9)
 J - a wand of confusion (0/48)
Scrolls
 f - 4 scrolls of remove curse
 r - a scroll of teleportation
 F - a scroll of identify
 I - a scroll of magic mapping
Potions
 e - 2 potions of magic
 i - 2 potions of flight
 j - 3 potions of haste
 o - 3 potions of cancellation
 x - a potion of berserk rage
Comestibles
 b - 6 fruits
 c - 3 bread rations
 d - 12 royal jellies
 q - 4 meat rations


   Skills:
 * Level 8.2 Fighting
 + Level 7.5 Maces & Flails
 + Level 7.0 Polearms
 + Level 1.5 Crossbows
 * Level 8.1 Throwing
 + Level 6.0 Armour
 * Level 6.8 Dodging
 + Level 4.4 Stealth
 + Level 2.4 Evocations


You had 10 spell levels left.
You didn't know any spells.

Dungeon Overview and Level Annotations

Branches:
Dungeon (11/15)            Temple (0/1) D:7             Orc (0/2) D:11
   Lair: D:8-11

Altars:
Elyvilon


Innate Abilities, Weirdness & Mutations

You are resistant to damage.
You can heal yourself by infusing magical energy.
You passively map the area around you.
You do not regenerate.
Your magical capacity is low. (-10% MP)
Your system is resistant to poisons. (rPois)
Your muscles are strong. (Str +2)


Message History

The cyan ugly thing trunk-slaps you but does no damage.
The worker ant bites you but does no damage.
The cyan ugly thing tail-slaps you! The cyan ugly thing shocks you!
The orc warrior barely misses you.
You slash the cyan ugly thing!
The cyan ugly thing is almost dead.
The cyan ugly thing trunk-slaps you but does no damage.
The worker ant bites you but does no damage.
The cyan ugly thing tail-slaps you. The cyan ugly thing shocks you!
* * * LOW HITPOINT WARNING * * *
The cyan ugly thing trunk-slaps you.
* * * LOW HITPOINT WARNING * * *
The cyan ugly thing shocks you!
* * * LOW HITPOINT WARNING * * *
You block the orc warrior's attack.
The worker ant bites you but does no damage.
As you read the scroll of teleportation, it crumbles to dust.
You feel strangely unstable. The cyan ugly thing tail-slaps you.
The cyan ugly thing shocks you!
You die...

##.#.#>#.#.## *
.##...........# , , .
##.#.#.#.#.## , #.* #
##...<...# * , , ##.,*
#.....%.+ ,* , #..*
#.......#* * , #.#
#.......# * ,,, #.#
#auo....# , , #.# ##@######
, #.# #.u## , , #[# ###..##
**, ####'########.....#####
#.......#......8......# *
#.......#.............# *,,
#...<...#.............###
,,
#.....รท...................
#........8.....>.....8..##*


You could see 2 ugly things, an orc warrior and a worker ant.

Vanquished Creatures
  Gastronok (D:10)
  2 two-headed ogres
  The ghost of BuffBuff the Skirmisher, a novice DsFi (D:9)
  A salamander (D:9)
  A hornet (D:10)
  A hippogriff (D:10)
  A wraith (D:11)
  10 yaks
  The ghost of Ivernyr the Conjurer, an amateur DrCj of Ashenzari (D:3)
  A hungry ghost (D:11)
  A soldier ant (D:10)
  4 orc warriors
  4 ice beasts
  2 sky beasts
  An eye of draining (D:11)
  5 ogres
  2 phantoms
  4 centaurs
  A big kobold (D:5)
  8 bullfrogs
  6 water moccasin zombies
  A scorpion (D:8)
  A troll zombie (D:11)
  4 wights (D:8)
  2 crimson imps
  5 jellies
  2 quasits (D:7)
  3 hounds
  6 orc priests
  2 centaur skeletons
  2 bullfrog skeletons
  2 iguanas (D:4)
  12 orc wizards
  8 worker ants
  7 ogre zombies (D:11)
  2 big kobold zombies (Ossuary)
  A hound zombie (D:8)
  2 mummies (Ossuary)
  A hound skeleton (D:4)
  A worker ant zombie (D:6)
  Robin (D:4)
  4 gnolls (D:8)
  11 adders
  3 shadow imps
  An ooze (D:4)
  4 adder zombies (Ossuary)
  3 adder skeletons
  4 dart slugs
  6 leopard geckos
  30 orcs
  4 giant cockroaches
  14 goblins
  6 hobgoblins
  15 jackals
  12 kobolds
  9 quokkas
  2 ball pythons
  A ball python skeleton (D:4)
  5 bats
  6 frilled lizards
  4 gnoll zombies (Ossuary)
  A goblin skeleton (D:11)
  2 goblin zombies (D:11)
  A hobgoblin skeleton (D:11)
  12 hobgoblin zombies
  6 kobold zombies (Ossuary)
  3 leopard gecko skeletons
  3 orc skeletons (D:11)
  17 orc zombies
  A quokka skeleton (D:9)
  6 rats
319 creatures vanquished.

Vanquished Creatures (collateral kills)
  A shadow imp (D:5)
1 creature vanquished.

Grand Total: 320 creatures vanquished

Notes
Turn   | Place    | Note
-------+----------+-------------------------------------------
     0 | D:1      | count5 the Deep Dwarf Berserker began the quest for the Orb.
     0 | D:1      | Reached XP level 1. HP: 20/20 MP: 1/1
    89 | D:1      | Reached XP level 2. HP: 28/28 MP: 2/2
   338 | D:1      | Reached ** piety under Trog
   471 | D:1      | Reached XP level 3. HP: 19/34 MP: 3/3
  1052 | D:2      | Reached XP level 4. HP: 35/42 MP: 3/3
  1158 | D:2      | Found a faded altar of an unknown god.
  1731 | D:3      | Noticed Ivernyr's ghost (amateur DrCj)
  1747 | D:3      | Killed Ivernyr's ghost
  1747 | D:3      | Reached XP level 5. HP: 26/49 MP: 4/4
  1977 | D:4      | Noticed an ogre
  1990 | D:4      | Killed an ogre
  1990 | D:4      | Reached skill level 1 in Stealth
  1990 | D:4      | Reached XP level 6. HP: 57/57 MP: 5/5
  2304 | D:4      | Noticed Robin
  2307 | D:4      | Reached *** piety under Trog
  2310 | D:4      | Killed Robin
  2336 | D:4      | Got a pitted helmet
  2347 | D:4      | Identified the +3 helmet of the Dropbear {rC++ MP-9 Stlth+} (You took it off Robin on level 4 of the Dungeon)
  2508 | D:4      | Found a sand-covered staircase.
  2514 | Ossuary  | Entered an ossuary
  2551 | Ossuary  | Reached skill level 5 in Maces & Flails
  2551 | Ossuary  | Reached XP level 7. HP: 64/64 MP: 0/4
  2612 | Ossuary  | Reached skill level 1 in Evocations
  2784 | Ossuary  | Reached **** piety under Trog
  3194 | D:5      | Entered Level 5 of the Dungeon
  3210 | D:5      | Reached XP level 8. HP: 71/73 MP: 0/3
  3594 | D:5      | Reached skill level 5 in Fighting
  4079 | D:6      | Reached skill level 5 in Dodging
  4165 | D:6      | Reached skill level 5 in Throwing
  4308 | D:6      | Gained mutation: Your system is resistant to poisons. (rPois) [potion of mutation]
  4308 | D:6      | Gained mutation: Your magical capacity is low. (-10% MP) [potion of mutation]
  4308 | D:6      | Gained mutation: Your muscles are strong. (Str +2) [potion of mutation]
  4389 | D:6      | Gained mutation: You passively map the area around you. [Deep Dwarf growth]
  4389 | D:6      | Reached XP level 9. HP: 64/82 MP: 0/0
  4576 | D:6      | Received a gift from Trog
  4973 | D:7      | Reached skill level 1 in Polearms
  5180 | D:7      | Found a staircase to the Ecumenical Temple.
  6008 | D:8      | Received a gift from Trog
  6139 | D:8      | Found a flagged portal.
  6173 | Bailey   | Entered a bailey
  6173 | Bailey   | Noticed Ladhar's ghost (novice MiBe)
  6173 | Bailey   | Noticed Gelerth's ghost (novice HOBe)
  6454 | D:8      | Reached XP level 10. HP: 77/92 MP: 0/1
  6562 | D:8      | Noticed a two-headed ogre
  6577 | D:8      | Killed a two-headed ogre
  6888 | D:9      | Noticed BuffBuff's ghost (novice DsFi)
  6930 | D:9      | Killed BuffBuff's ghost
  6930 | D:9      | Reached skill level 5 in Polearms
  6930 | D:9      | Reached skill level 1 in Crossbows
  6978 | D:9      | Noticed a salamander
  6978 | D:9      | a hippogriff changed into a salamander
  6987 | D:9      | Killed a salamander
  6987 | D:9      | Reached skill level 5 in Armour
  7667 | D:10     | Entered Level 10 of the Dungeon
  7688 | D:10     | Found a white marble altar of Elyvilon.
  8133 | D:10     | Noticed Gastronok
  8153 | D:10     | Killed Gastronok
  8153 | D:10     | Reached XP level 11. HP: 103/103 MP: 0/1
  8530 | D:10     | Noticed a two-headed ogre
  8537 | D:10     | Killed a two-headed ogre
  8830 | D:11     | Found a staircase to the Orcish Mines.
  8996 | D:11     | Noticed a purple ugly thing
  9002 | D:11     | Noticed a purple ugly thing
  9029 | D:11     | HP: 4/103 [cyan ugly thing (10)]
  9030 | D:11     | Slain by a cyan ugly thing

Skill      XL: |  1  2  3  4  5  6  7  8  9 10 11 |
---------------+----------------------------------+-----
Fighting       | 3 4 5 6 8 |  8.2
Maces & Flails | 4 5 6 7 |  7.5
Throwing       | 2 3 5 6 7 8 |  8.1
Dodging        | 3 4 5 6 |  6.8
Stealth        | 1 3 4 |  4.4
Evocations     | 1 2 |  2.4
Armour         | 4 5 6 |  6.0
Polearms       | 3 6 7 |  7.0
Crossbows      | 1 |  1.5

Action                   |  1- 3 |  4- 6 |  7- 9 | 10-12 || total
-------------------------+-------+-------+-------+-------++-------
Melee: Mace              |   109 |    94 |       |       ||   203
       Morningstar       |       |    49 |   316 |       ||   365
       Glaive            |       |       |   226 |   331 ||   557
       Whip              |       |       |       |   101 ||   101
 Fire: Blowgun           |       |       |    11 |     2 ||    13
       Hand crossbow     |       |       |     8 |     8 ||    16
       Arbalest          |       |       |       |     6 ||     6
Throw: Stone             |    24 |   104 |   106 |     4 ||   238
       Tomahawk          |       |       |    69 |    66 ||   135
Invok: Berserk           |       |     3 |     3 |     1 ||     7
       Trog's Hand       |       |     4 |    19 |    14 ||    37
       Brothers in Arms  |       |       |     2 |       ||     2
       Burn Spellbooks   |       |       |       |     1 ||     1
 Abil: Heal Wounds       |     3 |     6 |    13 |    10 ||    32
Evoke: Wand              |       |    15 |     4 |    20 ||    39
  Use: Scroll            |     1 |     5 |     8 |     4 ||    18
       Potion            |     1 |     1 |    17 |     2 ||    21
 Stab: Sleeping          |     1 |       |     4 |       ||     5
       Paralysed         |       |     7 |     1 |     9 ||    17
  Eat: Chunk             |     1 |     3 |    19 |     8 ||    31
       Meat ration       |       |     1 |     1 |     4 ||     6
       Fruit             |       |       |       |     1 ||     1
Armor: Animal skin       |    21 |    36 |    83 |       ||   140
       Skin              |       |       |    14 |       ||    14
       Plate armour      |       |       |   295 |   446 ||   741
Dodge: Dodged            |    94 |   106 |   521 |   339 ||  1060
Block: Other             |       |     1 |    98 |   100 ||   199
       Reflection        |       |       |     1 |       ||     1
